 Dungeon Crawl Stone Soup version 0.21.1-1-g345015f (webtiles) character file.

7849 Fang the Cleaver (level 11, -1/103 HPs)
             Began as a Gargoyle Berserker on June 1, 2018.
             Was a High Priest of Trog.
             Slain by a 15-headed hydra (3 damage)
             ... on level 1 of the Lair of Beasts.
             The game lasted 00:17:21 (11204 turns).

Fang the Cleaver (Gargoyle Berserker)              Turns: 11204, Time: 00:17:21

Health: -1/103     AC: 22    Str: 29    XL:     11   Next: 21%
Magic:  11/11      EV: 13    Int:  6    God:    Trog [*****.]
Gold:   740        SH:  0    Dex:  9    Spells: 10/10 levels left

rFire    . . .     SeeInvis .   w - +1 hand axe (elec)
rCold    . . .     Gourm    .   (no shield)
rNeg     + . .     Faith    .   t - +6 scale mail
rPois    ∞         Spirit   .   (no helmet)
rElec    +         Reflect  .   (no cloak)
rCorr    .         Harm     .   (no gloves)
MR       .....                  (no boots)
Stlth    ..........             l - amulet of magic regeneration
HPRegen  0.67/turn              s - ring of stealth
MPRegen  0.37/turn              r - ring of flight

@: berserking (expiring), very quick
A: deterioration 1, dopey 1, negative energy resistance 1, regeneration 1,
electricity resistance, unbreathing, petrification resistance, rot immunity, AC
+8
a: Berserk, Trog's Hand, Brothers in Arms, Burn Spellbooks, Renounce Religion,
Evoke Flight


You were on level 1 of the Lair of Beasts.
You worshipped Trog.
Trog was extremely pleased with you.
You were hungry.

You visited 3 branches of the dungeon, and saw 13 of its levels.

You collected 740 gold pieces.

Inventory:

Hand Weapons
 a - a +2 hand axe
 e - a +1 hand axe of venom
 o - a +1 hand axe of draining
 w - a +1 hand axe of electrocution (weapon)
Armour
 t - a +6 scale mail (worn)
Jewellery
 l - an amulet of magic regeneration (around neck)
 q - a +5 ring of protection
 r - a ring of flight (right hand)
 s - a ring of stealth (left hand)
Wands
 m - a wand of digging (12)
 x - a wand of paralysis (6)
Scrolls
 d - 4 scrolls of remove curse
 f - 5 scrolls of identify
 g - 2 scrolls of fear
 k - 2 scrolls of enchant armour
 n - 4 scrolls of magic mapping
 v - 4 scrolls of teleportation
Potions
 b - a potion of lignification
 h - 3 potions of ambrosia
 i - 2 potions of might
 j - 2 potions of brilliance
 p - a potion of berserk rage
 u - 2 potions of curing
 z - a potion of agility
 A - a potion of flight
 B - 3 potions of heal wounds
 C - a potion of cancellation
Comestibles
 c - 5 rations


   Skills:
 + Level 8.9 Fighting
 + Level 10.9 Axes
 + Level 8.3 Armour
 + Level 5.9 Dodging
 + Level 0.9 Stealth
 + Level 0.3 Evocations


You had 10 spell levels left.
You didn't know any spells.

Dungeon Overview and Level Annotations

Branches:
Dungeon (11/15)            Temple (1/1) D:6            Lair (1/6) D:9
    Orc: D:9-12

Altars:
Ashenzari
Cheibriados
Dithmenos
Elyvilon
Fedhas
Gozag
Hepliaklqana
Kikubaaqudgha
Makhleb
Nemelex Xobeh
Okawaru
Qazlal
Ru
Sif Muna
Trog
Uskayaw
Vehumet
Wu Jian
Xom
Yredelemnul
Zin
The Shining One

Shops:
D:6 [   D:7 !


Innate Abilities, Weirdness & Mutations

You are resistant to torment.
Your stone body is resilient. (AC +8)
You are immune to poison.
You resist negative energy. (rN+)
You are resistant to electric shocks. (rElec)
You can survive without breathing.
You are immune to petrification.
You are immune to rotting.
Your body sometimes deteriorates upon taking damage.
You are dopey. (Int -2)
Your natural rate of healing is unusually fast.


Message History

* * * LOW HITPOINT WARNING * * *
The 13-headed hydra bites you but does no damage. x2
The 13-headed hydra barely misses you.
You lop one of the 13-headed hydra's heads off!
The 12-headed hydra grows two more!
You slash the 14-headed hydra!
The 14-headed hydra is lightly wounded.
Unknown command.
You lop one of the 14-headed hydra's heads off!
The 13-headed hydra grows two more!
You slash the 15-headed hydra!
Lightning courses through the 15-headed hydra!
The 15-headed hydra is heavily wounded.
The 15-headed hydra bites you!
* * * LOW HITPOINT WARNING * * *
The 15-headed hydra barely misses you. x2
The 15-headed hydra closely misses you.
The 15-headed hydra bites you but does no damage. x2
The 15-headed hydra bites you.
* * * LOW HITPOINT WARNING * * *
The 15-headed hydra closely misses you. The 15-headed hydra bites you.
You die...

#.....# #.....#
...... #....#
#....#l. #...#..
. #...#D.## ..
#..# ..###.
###@.# .....
#..D.# #..#
##...###.######
#...#.#.......#
#...##.......#.#
#...######..P##
#... #..###
.#.$# ####..#
#...###.#..##


You could see a 15-headed hydra.

Vanquished Creatures
  An unseen horror (D:10)
  Joseph (D:9)
  A spiny frog (Lair:1)
  A troll (D:10)
  Prince Ribbit (D:6)
  2 hippogriffs
  A hungry ghost (D:9)
  Edmund (D:6)
  2 vampire mosquitoes (D:9)
  5 water moccasins
  A hell hound (D:9)
  Duvessa (D:6)
  5 orc warriors
  2 ice beasts (D:6)
  A black bear (D:6)
  4 ogres
  4 phantoms
  3 centaurs
  The ghost of Fang the Skirmisher, an amateur GrBe of Trog (D:4)
  2 bullfrogs
  A gnoll sergeant (D:7)
  Dowan (D:6)
  A wyvern skeleton (D:9)
  5 scorpions
  11 killer bees
  7 wights
  A howler monkey (D:9)
  2 crimson imps
  A centaur zombie (D:7)
  A quasit (D:9)
  4 hounds
  A jelly (D:6)
  5 orc priests
  4 iguanas
  13 orc wizards
  Terence (D:2)
  5 worker ants
  2 hound skeletons
  6 gnolls
  A howler monkey skeleton (D:4)
  14 adders
  5 shadow imps
  An adder zombie (D:9)
  2 adder skeletons
  5 worms
  4 dart slugs
  2 leopard geckos
  24 orcs
  4 giant cockroaches
  9 goblins
  4 hobgoblins
  10 jackals
  8 kobolds
  A quokka (D:7)
  9 bats
  5 frilled lizards
  2 jackal zombies
  2 quokka skeletons
  11 rats
  A fungus (D:1)
236 creatures vanquished.

Vanquished Creatures (others)
  Erolcha (D:9)
  A quokka (D:2)
2 creatures vanquished.

Grand Total: 238 creatures vanquished

Notes
Turn   | Place    | Note
-------+----------+-------------------------------------------
     0 | D:1      | Fang the Gargoyle Berserker began the quest for the Orb.
     0 | D:1      | Reached XP level 1. HP: 14/14 MP: 1/1
    70 | D:1      | Reached XP level 2. HP: 14/19 MP: 2/2
   216 | D:1      | Reached skill level 3 in Axes
   482 | D:1      | Reached XP level 3. HP: 21/23 MP: 3/3
  1220 | D:2      | Reached ** piety under Trog
  1480 | D:2      | Noticed Terence
  1485 | D:2      | Reached XP level 4. HP: 29/29 MP: 4/4
  1490 | D:2      | Killed Terence
  1530 | D:2      | Found a white marble altar of Elyvilon.
  1553 | D:2      | Reached skill level 4 in Axes
  1913 | D:3      | Reached XP level 5. HP: 33/33 MP: 5/5
  2954 | D:4      | Reached XP level 6. HP: 38/38 MP: 6/6
  3081 | D:4      | Noticed Fang's ghost (amateur GrBe)
  3158 | D:5      | Entered Level 5 of the Dungeon
  3193 | D:4      | Killed Fang's ghost
  3337 | D:4      | Reached skill level 5 in Axes
  3598 | D:5      | Noticed a water moccasin
  3612 | D:5      | Killed a water moccasin
  3612 | D:5      | Reached XP level 7. HP: 44/44 MP: 7/7
  4096 | D:5      | Reached *** piety under Trog
  4102 | D:5      | Reached skill level 5 in Fighting
  4566 | D:5      | Reached skill level 6 in Axes
  4566 | D:5      | Reached XP level 8. HP: 34/50 MP: 8/8
  5147 | D:6      | Found a staircase to the Ecumenical Temple.
  5154 | Temple   | Entered the Ecumenical Temple
  5581 | D:6      | Noticed Prince Ribbit
  6102 | D:6      | Reached skill level 5 in Armour
  6287 | D:6      | Found Uniblaem's Armour Shop.
  6288 | D:6      | Noticed Dowan
  6290 | D:6      | Noticed Duvessa
  6305 | D:6      | Killed Duvessa
  6310 | D:6      | Killed Dowan
  6382 | D:6      | Reached skill level 7 in Axes
  6387 | D:6      | Reached XP level 9. HP: 50/55 MP: 9/9
  6447 | D:6      | Noticed Edmund
  6462 | D:6      | Killed Edmund
  6750 | D:6      | Killed Prince Ribbit
  6845 | D:7      | Reached **** piety under Trog
  6850 | D:7      | Reached skill level 8 in Axes
  7023 | D:7      | Found a snail-covered altar of Cheibriados.
  7147 | D:7      | Found Rolyf's Distillery.
  7497 | D:7      | Received a gift from Trog
  8282 | D:8      | Reached skill level 9 in Axes
  8294 | D:8      | Reached XP level 10. HP: 57/63 MP: 10/10
  8952 | D:9      | Reached skill level 5 in Dodging
  9133 | D:9      | Gained mutation: You are dopey. (Int -2) [potion of mutation]
  9133 | D:9      | Gained mutation: Your body sometimes deteriorates upon taking damage. [potion of mutation]
  9133 | D:9      | Gained mutation: Your natural rate of healing is unusually fast. [potion of mutation]
  9203 | D:9      | Reached ***** piety under Trog
  9239 | D:9      | Found a staircase to the Lair.
  9551 | D:9      | Noticed Erolcha
  9552 | D:9      | Noticed Joseph
  9559 | D:9      | Killed Erolcha
  9575 | D:9      | Killed Joseph
  9575 | D:9      | Reached skill level 10 in Axes
  9969 | D:10     | Entered Level 10 of the Dungeon
 10002 | D:10     | Killed an unseen horror
 10171 | D:10     | Reached XP level 11. HP: 69/69 MP: 11/11
 10912 | Lair:1   | Entered Level 1 of the Lair of Beasts
 11111 | Lair:1   | Noticed a four-headed hydra
 11204 | Lair:1   | HP: 5/103 [15-headed hydra (7)]
 11204 | Lair:1   | HP: 2/103 [15-headed hydra (3)]
 11204 | Lair:1   | Slain by a 15-headed hydra

Skill      XL: |  1  2  3  4  5  6  7  8  9 10 |
---------------+-------------------------------+-----
Axes           | 3 4 5 6 7 9 10 | 10.9
Dodging        | 2 3 4 5 |  5.9
Fighting       | 4 5 6 7 8 |  8.9
Armour         | 3 4 5 6 8 |  8.3
Stealth        | |  0.9
Evocations     | |  0.3

Action                   |  1- 3 |  4- 6 |  7- 9 | 10-12 || total
-------------------------+-------+-------+-------+-------++-------
Melee: Hand axe          |   154 |   260 |   501 |   353 ||  1268
Invok: Berserk           |     2 |     6 |    12 |     5 ||    25
       Burn Spellbooks   |       |       |     1 |     1 ||     2
 Abil: Evoke Flight      |       |       |     1 |       ||     1
  Use: Potion            |       |     5 |     1 |     1 ||     7
       Scroll            |       |       |    15 |     3 ||    18
  Eat: Chunk             |     4 |     8 |    17 |     9 ||    38
       Ration            |       |     1 |     3 |     3 ||     7
Armor: Animal skin       |    51 |    59 |       |       ||   110
       Scale mail        |       |    54 |   317 |   216 ||   587
Dodge: Dodged            |   113 |   154 |   287 |   208 ||   762
